 Seeded DCSS version 0.30.2 (webtiles) character file.

Game seed: 4394287470994678175 (custom seed)

30 porpoise the Sneak (level 3, 18/18 HPs)
             Began as a Vine Stalker Brigand on Feb 16, 2024.
             Quit the game on level 1 of the Dungeon.
             The game lasted 00:03:21 (625 turns).

porpoise the Sneak (Vine Stalker Brigand)            Turns: 625, Time: 00:03:21

Health: 18/18      AC:  4    Str: 13    XL:     3   Next: 20%
Magic:  4/4        EV: 11    Int: 11    God:
Gold:   67         SH:  0    Dex: 17    Spells: 2/2 levels left

rFire   . . .        a - +2 dagger
rCold   . . .        (no shield)
rNeg    . . .        b - +0 robe
rPois   .            n - +0 helmet {SInv}
rElec   .            c - +0 cloak
rCorr   .            (no gloves)
SInv    +            (no boots)
Will    .....        (no amulet)
Stlth   +++          (no ring)
HPRegen 0.23/turn    (no ring)
MPRegen 0.09/turn

%: guardian spirit
@: no status effects
A: fangs 2, magic shield, antimagic bite, no potion heal 2
a: no special abilities


You were on level 1 of the Dungeon.
You visited 1 branch of the dungeon, and saw 1 of its levels.

You collected 67 gold pieces.

Inventory:

Hand Weapons
 a - a +2 dagger (weapon)
 o - the +6 rapier of Stopping Slow Death {heavy, rF++ rCorr}
   (You acquired it on level 1 of the Dungeon)

   rF:        It greatly protects you from fire.
   rCorr:     It protects you from acid and corrosion.
Missiles
 d - 9 poisoned darts (quivered)
 e - 3 curare-tipped darts
Armour
 b - a +0 robe (worn)
 c - a +0 cloak (worn)
 i - the +0 helmet of Mysticism {rC+ Regen+}
   (You acquired it on level 1 of the Dungeon)

   rC:        It protects you from cold.
   Regen:     It increases your rate of health regeneration.
 n - a +0 helmet of see invisible (worn)
Jewellery
 f - an amulet of faith
Scrolls
 h - a scroll of identify {unknown}
 j - a scroll of vulnerability {unknown}
 l - a scroll of enchant weapon {unknown}
Potions
 g - a potion of curing {unknown}
 k - a potion of flight {unknown}
 m - a potion of magic {unknown}


   Skills:
 + Level 2.2 Fighting
 * Level 2.6 Short Blades
 - Level 1.7 Throwing
 - Level 0.7 Dodging
 + Level 5.2 Stealth


You had 2 spell levels left.
You didn't know any spells.
Your spell library contained the following spells:

 Spells                   Type           Power      Damage    Failure   Level
 Apportation              Tloc           0%         N/A       34%         1
 Necrotise                Necr           0%         1d4       34%         1
 Summon Small Mammal      Summ           0%         N/A       34%         1


Dungeon Overview and Level Annotations

Branches:
Dungeon (1/15)

Altars:


Innate Abilities, Weirdness & Mutations

You have extremely sharp teeth.
When hurt, damage is shared between your health and your magic reserves.
Your bite disrupts and absorbs the magic of your enemies.
Potions cannot restore your health.


Message History

You hit the ball python.
You kill the ball python!
You hit the endoplasm. You bite the endoplasm.
You kill the endoplasm!
You closely miss the frilled lizard. The frilled lizard barely misses you.
You barely miss the frilled lizard. You bite the frilled lizard.
You kill the frilled lizard!
You start resting.
HP restored.
l - a scroll labelled CAYMEE OKUIKK
m - a white potion An endoplasm comes into view.
An endoplasm is nearby!
The helpless endoplasm fails to defend itself.
You impale the endoplasm!!
You kill the endoplasm!
You now have 47 gold pieces (gained 10).
Found a mace.
A ball python comes into view.
Found 10 gold pieces.
The helpless ball python fails to defend itself.
You impale the ball python!!
You kill the ball python!
You now have 57 gold pieces (gained 10).
You now have 67 gold pieces (gained 10).
Found a hand axe.
This is a scroll of acquirement!
Something appears at your feet!
n - a +0 helmet of see invisible You start putting on your armour.
You continue putting on your +0 helmet of see invisible. x4
You finish putting on your +0 helmet of see invisible.
You feel perceptive. Something appears at your feet!
o - the +6 rapier of Stopping Slow Death {heavy, rF++ rCorr} Unknown command.
Something appears at your feet!
Unknown command.
Unknown command.
i - the +0 helmet of Mysticism {rC+ Regen+} Are you sure you want to abandon this character and quit the game? (Confirm with "yes".)

#############
###
#...........†
##.##
#.###########
##.#.####.##
#
#.###......#
####
##.#.####..##
#... ##.##
#...######.##
#.###
#...........#
#.@.#
#...######..#
###.# #####
#..# .# #..#
.# #..# .#
######... .#
#........ .#
#.####..# )#
#.# #..# #.
#.# #.)#


There were no monsters in sight!

Vanquished Creatures
  A gnoll (D:1)
  3 ball pythons (D:1)
  2 endoplasms (D:1)
  A giant cockroach (D:1)
  2 hobgoblins (D:1)
  4 jackals (D:1)
  A frilled lizard (D:1)
  2 goblins (D:1)
  2 kobolds (D:1)
  2 rats (D:1)
20 creatures vanquished.

Notes
Turn   | Place    | Note
-------+----------+-------------------------------------------
     0 | D:1      | porpoise the Vine Stalker Brigand began the quest for the
                  | Orb.
     0 | D:1      | Reached XP level 1. HP: 11/11 MP: 2/2
   299 | D:1      | Reached skill level 5 in Stealth
   299 | D:1      | Reached XP level 2. HP: 15/15 MP: 3/3
   459 | D:1      | Reached XP level 3. HP: 18/18 MP: 4/4
   614 | D:1      | Identified 3 scrolls of acquirement
   614 | D:1      | Acquired a +0 helmet of see invisible
   621 | D:1      | Acquired the +6 rapier of Stopping Slow Death {heavy, rF++
                  | rCorr}
   623 | D:1      | Acquired the +0 helmet of Mysticism {rC+ Regen+}
   625 | D:1      | Quit the game

Illustrated notes

Levels and vault maps discovered:
D:1:      tarquinn_simple_flora_water_d, layout_loops_ring, minmay_distorted

Skill      XL: |  1  2 |
---------------+-------+-----
Short Blades   | 2 |  2.6
Stealth        | 5 |  5.2
Fighting       | 2 |  2.2
Throwing       | |  1.7
Dodging        | |  0.7

Action                     || total
---------------------------++-------
  Melee: Dagger            ||    34
         Bite              ||     8
         Punch             ||     1
    Use: Scroll            ||     3
   Stab: Sleeping          ||     8
 Armour: Robe              ||     7
  Dodge: Dodged            ||    11
